 Dungeon Crawl Stone Soup version 0.29.0 (webtiles) character file.

Game seed: 529917916000915599

30312 lyrin the Marksdraconian (level 13, -4/112 HPs)
             Began as a Black Draconian Hunter on Sept 3, 2022.
             Was an Elder of Fedhas.
             Slain by an ogre
             ... wielding a +0 giant club
              (18 damage)
             ... on level 2 of the Orcish Mines.
             The game lasted 00:31:10 (17193 turns).

lyrin the Marksdraconian (Black Draconian Hunter)  Turns: 17193, Time: 00:31:11

Health: -4/112     AC: 15    Str: 13    XL:     13   Next: 19%
Magic:  12/18      EV: 15    Int: 14    God:    Fedhas [****..]
Gold:   725        SH:  5    Dex: 19    Spells: 12/12 levels left

rFire   . . .      SeeInvis +   u - +2 longbow (flame)
rCold   . . .      Faith    .   (shield currently unavailable)
rNeg    . . .      Spirit   .   (body armour unavailable)
rPois   .          Reflect  +   (helmet restricted)
rElec   +          Harm     .   b - +2 cloak of Subjectivity {Int+3 SInv Stlth+}
rCorr   .          Rampage  .   H - +2 pair of gloves {hurl}
Will    .....                   x - +0 pair of boots
Stlth   ++........              M - amulet of reflection
HPRegen 0.28/turn               o - +4 ring of slaying
MPRegen 0.16/turn               h - +4 ring of slaying

@: silenced
A: breathe lightning, AC +8, unfitting armour, electricity resistance,
cold-blooded
a: Breathe Lightning, Renounce Religion


You were on level 2 of the Orcish Mines.
You worshipped Fedhas.
Fedhas was greatly pleased with you.
You visited 3 branches of the dungeon, and saw 15 of its levels.
You visited 1 bazaar.

You collected 2090 gold pieces.
You spent 1365 gold pieces at shops.

Inventory:

Hand Weapons
 a - a +1 arbalest
 u - a +2 longbow of flaming (weapon)
 U - a +2 double sword of holy wrath
Missiles
 f - 34 poisoned darts
 j - 2 throwing nets
 G - a curare-tipped dart
Armour
 b - the +2 cloak of Subjectivity (worn) {Int+3 SInv Stlth+}
   (You acquired it on level 2 of the Orcish Mines)

   Int:       It affects your intelligence (+3).
   SInv:      It lets you see invisible.
   Stlth:     It makes you more stealthy.
 x - a +0 pair of boots (worn)
 z - the +18 shield of the Gong {rElec rN+ Will+ EV-5}
   (You acquired it on level 2 of the Orcish Mines)

   It is deafeningly noisy when blocking attacks.
   EV:        It affects your evasion (-5).
   rElec:     It insulates you from electricity.
   rN:        It protects you from negative energy.
   Will:      It increases your willpower.
 H - a +2 pair of gloves of hurling (worn)
Jewellery
 h - a +4 ring of slaying (right hand)
 o - a +4 ring of slaying (left hand)
 M - an amulet of reflection (around neck)
 N - a ring of ice
 Q - a +4 ring of protection
 T - a ring of resist corrosion
Wands
 q - a wand of paralysis (18)
 r - a wand of acid (35)
 B - a wand of iceblast (23)
 E - a wand of flame (30)
 I - a wand of mindburst (14)
Scrolls
 d - 3 scrolls of butterflies
 e - a scroll of blinking {unknown}
 k - a scroll of immolation
 m - 5 scrolls of teleportation
 v - 5 scrolls of enchant armour
 y - a scroll of poison
 A - a scroll of fear {unknown}
 F - a scroll of summoning {unknown}
 K - 2 scrolls of magic mapping {unknown}
 R - 3 scrolls of amnesia
 S - a scroll of vulnerability {unknown}
Potions
 g - 3 potions of mutation
 l - 3 potions of haste {unknown}
 n - 4 potions of lignification
 p - 4 potions of curing
 s - 2 potions of ambrosia {unknown}
 t - 5 potions of attraction {unknown}
 w - 2 potions of resistance
 C - 2 potions of brilliance {unknown}
 D - a potion of invisibility
 L - a potion of magic {unknown}
 O - 3 potions of berserk rage {unknown}
 P - 3 potions of flight {unknown}


   Skills:
 + Level 9.7 Fighting
 + Level 1.9 Long Blades
 * Level 17.2 Ranged Weapons
 + Level 5.2 Dodging
 - Level 0.8 Stealth
 + Level 3.0 Shields
 * Level 7.5 Invocations
 + Level 1.2 Evocations


You had 12 spell levels left.
You didn't know any spells.
Your spell library contained the following spells:

 Spells                   Type           Power      Damage    Failure   Level
 Beastly Appendage        Tmut           0%         N/A       28%         1
 Sandblast                Erth           0%         2d4       28%         1
 Shock                    Conj/Air       0%         1d3       28%         1
 Passwall                 Tmut/Erth      0%         N/A       41%         2
 Wereblood                Tmut           0%         N/A       41%         2
 Call Canine Familiar     Summ           0%         N/A       65%         3
 Mephitic Cloud           Conj/Pois/Air  0%         N/A       65%         3
 Portal Projectile        Hex/Tloc       0%         N/A       65%         3
 Spider Form              Tmut/Pois      0%         N/A       65%         3
 Stone Arrow              Conj/Erth      0%         3d7       65%         3
 Leda's Liquefaction      Hex/Erth       0%         N/A       96%         4
 Olgreb's Toxic Radiance  Pois           0%         N/A       96%         4
 Alistair's Intoxication  Tmut/Pois      0%         N/A       100%        5
 Borgnjor's Vile Clutch   Necr/Erth      0%         N/A       100%        5
 Silence                  Hex/Air        0%         N/A       100%        5
 Eringya's Noxious Bog    Tmut/Pois      0%         N/A       100%        6
 Storm Form               Tmut/Air       0%         N/A       100%        7
 Borgnjor's Revivificati  Necr           0%         N/A       100%        8
 Maxwell's Capacitive Co  Air            0%         ∞         100%        8
 Necromutation            Tmut/Necr      0%         N/A       100%        8
 Chain Lightning          Conj/Air       0%         N/A       100%        9
 Death's Door             Necr           0%         N/A       100%        9


Dungeon Overview and Level Annotations

Branches:
Dungeon (12/15)            Temple (1/1) D:6            Lair (0/5) D:8
    Orc (2/2) D:9
    Elf: Orc:2

Altars:
Ashenzari
Cheibriados
Dithmenos
Elyvilon
Fedhas
Gozag
Hepliaklqana
Kikubaaqudgha
Makhleb
Nemelex Xobeh
Okawaru
Qazlal
Ru
Sif Muna
Trog
Uskayaw
Vehumet
Wu Jian
Xom
Yredelemnul
Zin
The Shining One

Shops:
D:8 *   D:10 *   Orc:1 !(

Annotations:
Orc:2 1 runed translucent door


Innate Abilities, Weirdness & Mutations

You can breathe wild blasts of lightning.
Your glossy black scales are hard. (AC +8)
You cannot fit into any form of body armour.
You are resistant to electric shocks. (rElec)
You are cold-blooded and may be slowed by cold attacks.


Message History

The deep troll completely misses you. The deep troll barely misses you.
The deep troll claws you!
Fire: u) +2 longbow (flame)
Press: ? - help, Q - select action, (/) - cycle Shift-Dir - straight line, f/p - deep troll
Aim: a deep troll (severely wounded, 76% to hit)
You shoot an arrow. The arrow hits the deep troll!!
The arrow burns the deep troll.
You kill the deep troll!
Fedhas appreciates your contribution to the ecosystem.
Fire: u) +2 longbow (flame)
Press: ? - help, Q - select action, (/) - cycle Shift-Dir - straight line
Okay, then.
Fire: u) +2 longbow (flame)
Press: ? - help, Q - select action, (/) - cycle Shift-Dir - straight line, f - ogre mage
Aim: an ogre mage, wielding a +0 spear and wearing a +0 robe (83% to hit)
You shoot an arrow. The arrow hits the ogre mage!
The arrow burns the ogre mage.
The ogre mage is moderately wounded.
The ogre mage points at you and mumbles some strange words.
You suddenly lose the ability to move!
The ogre hits you but does no damage.
The ogre mage points at you and mumbles some strange words.
You shrug off the repeated paralysis!
The ogre hits you but does no damage.
The ogre mage hits you from afar with a +0 spear.
A two-headed ogre comes into view. It is wielding two +0 giant clubs.
The ogre mage hits you from afar with a +0 spear!
* * * LOW HITPOINT WARNING * * *
The ogre hits you with a +0 giant club.
* * * LOW HITPOINT WARNING * * *
The ogre hits you with a +0 giant club!
* * * LOW HITPOINT WARNING * * *
The ogre mage casts a spell.
The ogre mage flickers and vanishes for a moment.
You can move again.
As you read the scroll of silence, it crumbles to dust.
A profound silence engulfs you.
The ogre mage hits you but does no damage.
The ogre hits you with a +0 giant club!!
You die...
Fedhas appreciates your contribution to the ecosystem.

#..........# #.
##.........#...
##.#.#........
##..[........
#..#........
##..##.......
#fOO.##......
###O###......
##.#@.O..#O..
#............
##.#.._......
##.#..........
#.............
##.#.#..........
##..................
##...................
##.#.............#....


You could see an ogre mage (invisible), 3 ogres and a friendly wandering
mushroom (summoned).

Vanquished Creatures
  Nessos (Orc:2)
  An ettin (Orc:2)
  Josephine (Orc:1)
  A rakshasa (D:12)
  Fannar (D:9)
  Erolcha (Orc:2)
  8 two-headed ogres
  A tengu warrior (D:12)
  2 orc high priests
  Amaemon (D:11)
  2 deep trolls (Orc:2)
  An orc knight (Orc:2)
  2 cyclopes (D:11)
  2 manticores
  Joseph (D:7)
  A gargoyle (D:10)
  4 kobold demonologists (D:12)
  An orange demon (D:11)
  8 trolls
  2 polar bears
  A hornet (D:8)
  Grinder (D:4)
  6 slime creatures
  Sigmund (D:6)
  8 yaks (D:10)
  A wyvern (D:9)
  A vampire (D:9)
  5 wraiths
  Eustachio (D:6)
  A human (D:9)
  A basilisk (D:12)
  2 steam dragons (D:7)
  4 vampire mosquitoes
  Edmund (D:5)
  2 water moccasins (D:6)
  Duvessa (D:5)
  19 orc warriors
  A black bear (D:8)
  3 sky beasts
  14 ogres
  2 ice beasts
  4 centaurs
  4 kobold brigands
  4 bullfrogs
  2 necrophages
  A scorpion (D:4)
  A gnoll sergeant (D:7)
  4 wights (D:8)
  Dowan (D:5)
  6 killer bees
  An electric eel (D:8)
  9 howler monkeys
  3 hounds
  A jelly (D:6)
  14 orc priests
  2 gnoll boudas
  An iguana (D:5)
  24 orc wizards
  Ijyb (D:5)
  8 gnolls
  6 adders
  3 ufetubi
  3 dart slugs
  64 orcs
  6 ball pythons
  2 bats
  9 endoplasms
  A giant cockroach (D:1)
  4 goblins
  6 hobgoblins
  7 jackals
  6 quokkas
  2 frilled lizards
  14 kobolds
  6 rats
348 creatures vanquished.

Vanquished Creatures (collateral kills)
  4 ballistomycete spores (Orc:2)
4 creatures vanquished.

Vanquished Creatures (others)
  4 orcs (Orc:2)
  A ballistomycete spore (Orc:2)
  7 fungi
  4 plants (D:8)
16 creatures vanquished.

Grand Total: 368 creatures vanquished

Notes
Turn   | Place    | Note
-------+----------+-------------------------------------------
     0 | D:1      | lyrin the Draconian Hunter began the quest for the Orb.
     0 | D:1      | Reached XP level 1. HP: 17/17 MP: 1/1
   388 | D:1      | Reached XP level 2. HP: 25/25 MP: 2/2
   503 | D:1      | Reached skill level 4 in Ranged Weapons
  1202 | D:2      | Reached XP level 3. HP: 30/30 MP: 3/3
  1203 | D:2      | Found a faded altar of an unknown god.
  2248 | D:3      | Reached XP level 4. HP: 37/37 MP: 4/4
  2504 | D:3      | Reached skill level 5 in Ranged Weapons
  2583 | D:4      | Reached XP level 5. HP: 37/44 MP: 5/5
  2671 | D:4      | Reached skill level 6 in Ranged Weapons
  2704 | D:4      | Reached XP level 6. HP: 51/51 MP: 6/6
  2913 | D:4      | Noticed Grinder
  2916 | D:4      | Paralysed by Grinder for 2 turns
  2922 | D:4      | Killed Grinder
  2923 | D:4      | Reached skill level 7 in Ranged Weapons
  2923 | D:4      | Your scales start taking on a glossy black colour.
  2923 | D:4      | Reached XP level 7. HP: 43/57 MP: 7/7
  2923 | D:4      | Gained mutation: You are resistant to electric shocks.
                  | (rElec) [Black Draconian growth]
  3387 | D:5      | Entered Level 5 of the Dungeon
  3423 | D:5      | Noticed Duvessa
  3428 | D:5      | Noticed Dowan
  3433 | D:5      | Killed Duvessa
  3434 | D:5      | Reached skill level 8 in Ranged Weapons
  3443 | D:5      | Killed Dowan
  3470 | D:5      | Noticed Ijyb
  3495 | D:5      | Killed Ijyb
  3624 | D:5      | Noticed Edmund
  3647 | D:5      | Killed Edmund
  4012 | D:5      | Identified the +3 scimitar of Tumult {drain, +Blink Str-5
                  | Int+3}
  4172 | D:6      | Reached XP level 8. HP: 66/66 MP: 8/8
  4202 | D:6      | Reached skill level 9 in Ranged Weapons
  4394 | D:6      | Noticed Sigmund
  4401 | D:6      | Killed Sigmund
  4579 | D:6      | Reached skill level 10 in Ranged Weapons
  5061 | D:6      | Found a staircase to the Ecumenical Temple.
  5096 | Temple   | Entered the Ecumenical Temple
  5134 | Temple   | Became a worshipper of Fedhas Madash
  5287 | D:6      | Noticed Eustachio
  5302 | D:6      | Killed Eustachio
  5460 | D:6      | Reached XP level 9. HP: 27/72 MP: 9/9
  5979 | D:7      | Reached skill level 5 in Fighting
  6099 | D:7      | Reached skill level 11 in Ranged Weapons
  6444 | D:7      | Found a glowing golden altar of the Shining One.
  6477 | D:7      | Noticed Joseph
  6484 | D:7      | Killed Joseph
  6851 | D:7      | Noticed a two-headed ogre
  6856 | D:7      | Killed a two-headed ogre
  6857 | D:7      | Reached skill level 12 in Ranged Weapons
  6857 | D:7      | Reached skill level 1 in Evocations
  7487 | D:8      | Found a staircase to the Lair.
  7541 | D:8      | Reached * piety under Fedhas
  7550 | D:8      | Reached XP level 10. HP: 83/83 MP: 10/10
  7896 | D:8      | Reached skill level 1 in Invocations
  7917 | D:8      | Noticed a two-headed ogre
  7929 | D:8      | Killed a two-headed ogre
  7930 | D:8      | Reached skill level 13 in Ranged Weapons
  8274 | D:8      | Found Iffiquju's Assorted Antiques.
  8282 | D:8      | Bought a pair of embroidered gloves for 247 gold pieces
  8320 | D:8      | Found a shadowy altar of Dithmenos.
  8797 | D:9      | Reached ** piety under Fedhas
  9055 | D:9      | Found a staircase to the Orcish Mines.
  9506 | D:10     | Entered Level 10 of the Dungeon
  9520 | D:10     | Found Urhenokk's General Store.
  9549 | D:10     | Reached skill level 14 in Ranged Weapons
  9695 | D:10     | Found a bloodstained altar of Trog.
  9701 | D:10     | Noticed Fannar
  9713 | D:9      | Reached XP level 11. HP: 75/92 MP: 13/13
  9791 | D:9      | Killed Fannar
 10130 | D:10     | Reached *** piety under Fedhas
 10809 | D:11     | Reached skill level 1 in Shields
 10972 | D:11     | Got the Papyrus of the Welkin
 10979 | D:11     | Noticed Amaemon
 10987 | D:11     | Killed Amaemon
 10988 | D:11     | Reached skill level 15 in Ranged Weapons
 11680 | D:12     | Noticed a tengu warrior
 11699 | D:12     | Killed a tengu warrior
 12289 | D:12     | Noticed a two-headed ogre
 12298 | D:12     | Killed a two-headed ogre
 12299 | D:12     | Reached skill level 5 in Invocations
 13782 | D:12     | Noticed a rakshasa
 14152 | D:10     | Bought a potion of heal wounds for 85 gold pieces
 14248 | D:12     | Reached XP level 12. HP: 57/102 MP: 14/16
 14620 | D:12     | Killed a rakshasa
 14620 | D:12     | Reached **** piety under Fedhas
 14803 | Orc:1    | Entered Level 1 of the Orcish Mines
 14803 | Orc:1    | Noticed Josephine
 14812 | D:9      | Reached skill level 1 in Long Blades
 14819 | D:9      | Reached skill level 16 in Ranged Weapons
 14884 | Orc:1    | Killed Josephine
 14985 | Orc:1    | Found Huntol's Weapon Boutique.
 14993 | Orc:1    | Bought a +2 double sword of holy wrath for 468 gold pieces
 15044 | Orc:1    | Found Qonneug's Distillery.
 15152 | Orc:1    | Noticed an orc high priest
 15155 | Orc:1    | Killed an orc high priest
 15332 | Orc:2    | Entered Level 2 of the Orcish Mines
 15378 | Orc:2    | Noticed a two-headed ogre
 15384 | Orc:2    | Killed a two-headed ogre
 15388 | Orc:2    | Identified 3 scrolls of acquirement
 15388 | Orc:2    | Acquired 760 gold pieces
 15398 | Orc:2    | Found a flickering gateway to a bazaar.
 15407 | Orc:2    | Noticed an orc high priest
 15416 | Orc:2    | Killed an orc high priest
 15418 | Bazaar   | Entered a bazaar
 15674 | Bazaar   | Found Pimimuj's Weapon Boutique.
 15696 | Bazaar   | Found Dudwos's Armour Emporium.
 15717 | Bazaar   | Found Paot Lag's Book Boutique.
 15737 | Bazaar   | Found Zeah's Antique Armour Shoppe.
 15779 | Bazaar   | Bought the Codex of Windy Vitiation for 462 gold pieces
 15797 | Bazaar   | Bought a +1 cloak for 103 gold pieces
 16341 | Orc:2    | Reached ***** piety under Fedhas
 16459 | Orc:2    | Acquired the +18 shield of the Gong {rElec rN+ Will+ EV-5}
 16459 | Orc:2    | Found the +18 shield of the Gong {rElec rN+ Will+ EV-5}
 16465 | Orc:2    | Reached skill level 5 in Dodging
 16465 | Orc:2    | Acquired the +2 cloak of Subjectivity {Int+3 SInv Stlth+}
 16506 | Orc:2    | Noticed an ettin
 16512 | Orc:2    | Killed an ettin
 16513 | Orc:2    | Noticed a two-headed ogre
 16519 | Orc:2    | Killed a two-headed ogre
 16571 | Orc:2    | Noticed Erolcha
 16589 | Orc:2    | Killed Erolcha
 16713 | Orc:2    | Noticed Nessos
 16735 | Orc:2    | Killed Nessos
 16782 | Orc:2    | Reached XP level 13. HP: 43/111 MP: 18/18
 17120 | Orc:2    | Reached skill level 17 in Ranged Weapons
 17125 | Orc:2    | Found a runed translucent door.
 17187 | Orc:2    | Paralysed by an ogre mage for 5 turns
 17193 | Orc:2    | Slain by an ogre

Illustrated notes

Levels and vault maps discovered:
D:1:      dpeg_arrival_windows_large_door, layout_basic
D:2:      layout_loops_corners, hellmonk_ecumenical_altar_arch_garden,
          small_statue_intersection, minmay_misc_feat_five, minivault_24,
          minivault_11, corner_web_ring
D:3:      layout_rooms
D:4:      layout_rooms, grunt_tough_drop, uniq_grinder
D:5:      layout_rooms, uniq_duvessa, uniq_edmund, uniq_ijyb
D:6:      layout_basic, minmay_temple_entry_antechambers, uniq_sigmund,
          uniq_eustachio
D:7:      kennysheep_steamy, layout_loops_corners, tso_oasis_becter, uniq_joseph
D:8:      layout_basic, grunt_dithmenos_smoke_and_mirrors, dpeg_oklobed_lair,
          serial_shops, nicolae_shop_overgrown_old_shop, serial_bayou_pond_b,
          minmay_chambers_of_fives
D:9:      layout_basic, erik_orc_4
D:10:     layout_basic, trog_ov_bears_minmay, serial_shops, shop_fountains,
          uniq_fannar
D:11:     layout_small_grid, uniq_amaemon
D:12:     kennysheep_big_flooded_room, layout_loops_ring
Temple:   hellmonk_temple_of_storms
Orc:1:    layout_caves, serial_shops, nicolae_shop_crystal, shop_fountains,
          uniq_josephine
Orc:2:    st_orc_open, layout_caves, basic_altar, serial_shops,
          bzr_entry_lakeside, lightli_church_of_beogh, uniq_erolcha, uniq_nessos

Skill      XL: |  1  2  3  4  5  6  7  8  9 10 11 12 13 |
---------------+----------------------------------------+-----
Ranged Weapons | 4 5 6 7 8 10 12 14 15 16 17 | 17.2
Dodging        | 2 3 4 5 |  5.2
Fighting       | 3 4 6 7 8 9 |  9.7
Evocations     | 1 |  1.2
Invocations    | 3 5 7 |  7.5
Shields        | 1 3 |  3.0
Long Blades    | 1 |  1.9
Stealth        | |  0.8

Action                   |  1- 3 |  4- 6 |  7- 9 | 10-12 | 13-15 || total
-------------------------+-------+-------+-------+-------+-------++-------
Melee: Long sword        |       |     2 |       |       |       ||     2
       Scimitar          |       |       |     2 |     7 |       ||     9
       Arbalest          |       |       |       |     1 |       ||     1
 Fire: Shortbow          |   118 |    58 |   213 |       |       ||   389
       Arbalest          |       |       |    63 |   603 |     5 ||   671
       Longbow           |       |       |       |       |    39 ||    39
Invok: Wall of Briars    |       |       |       |     5 |       ||     5
       Grow Ballistomyce |       |       |       |     2 |       ||     2
       Overgrow          |       |       |       |       |     1 ||     1
 Abil: Breathe Lightning |       |       |     2 |     2 |       ||     4
Evoke: Wand              |       |     1 |     4 |     2 |       ||     7
  Use: Potion            |       |       |     2 |     4 |     1 ||     7
       Scroll            |       |       |     8 |     8 |     2 ||    18
Armor: Skin              |    18 |     7 |    31 |   150 |    10 ||   216
Dodge: Dodged            |    47 |     8 |    70 |   255 |    16 ||   396
Block: Other             |       |       |       |    70 |     8 ||    78
       Reflection        |       |       |       |     6 |       ||     6
